 Dungeon Crawl Stone Soup version 0.27.0-66-gdc8fb28755 (webtiles) character file.

Game seed: 15506283803351307134

66 Malachi the Ruffian (level 3, -1/36 HPs)
             Began as a Troll Monk on Aug 20, 2021.
             Killed by divine providence
             ... invoked by an orc priest
              (12 damage)
             ... on level 3 of the Dungeon.
             The game lasted 00:01:42 (1770 turns).

Malachi the Ruffian (Troll Monk)                    Turns: 1770, Time: 00:01:43

Health: -1/36      AC:  8    Str: 20    XL:     3   Next: 96%
Magic:  2/2        EV: 14    Int:  6    God:
Gold:   78         SH:  0    Dex: 12    Spells: 2/2 levels left

rFire    . . .     SeeInvis .     - Unarmed
rCold    . . .     Faith    .   (no shield)
rNeg     . . .     Spirit   .   a - +0 robe
rPois    .         Reflect  .   (helmet restricted)
rElec    .         Harm     .   (no cloak)
rCorr    .         Rampage  .   (gloves unavailable)
Will     .....                  (boots unavailable)
Stlth    ++........             (no amulet)
HPRegen  1.12/turn              c - +4 ring of protection
MPRegen  0.08/turn              e - +4 ring of evasion

@: no status effects
A: large, unfitting armour, claws 3, regeneration 1, shaggy fur 1, tough skin 1
a: no special abilities


You were on level 3 of the Dungeon.
You visited 1 branch of the dungeon, and saw 3 of its levels.

You collected 78 gold pieces.

Inventory:

Armour
 a - a +0 robe (worn)
Jewellery
 c - a +4 ring of protection (left claw)
 e - a +4 ring of evasion (right claw)
 g - a ring of willpower
Scrolls
 b - 5 scrolls of identify {unknown}
 d - 3 scrolls of teleportation {unknown}
 h - a scroll of immolation {unknown}
 i - a scroll of fear {unknown}
 j - a scroll of enchant armour {unknown}
Potions
 f - a potion of lignification {unknown}
 k - a potion of curing {unknown}


   Skills:
 - Level 2.4 Fighting
 - Level 2.4 Dodging
 - Level 1.0 Stealth
 * Level 4.9 Unarmed Combat


You had 2 spell levels left.
You didn't know any spells.
Your spell library contained the following spells:

 Spells                   Type           Power      Damage    Failure   Level
 Frozen Ramparts          Ice            0%         1d2       83%         3
 Ice Form                 Ice/Tmut       0%         N/A       99%         4
 Summon Ice Beast         Ice/Summ       0%         N/A       99%         4


Dungeon Overview and Level Annotations

Branches:
Dungeon (3/15)

Altars:
Okawaru
The Shining One

Shops:
D:2 *


Innate Abilities, Weirdness & Mutations

You are too large for most types of armour.
You have claws for hands.
Your natural rate of healing is unusually fast.
You are covered in fur. (AC +1)
You have tough skin. (AC +1)


Message History

You kill the ball python!
The orc throws a boomerang.
The boomerang barely misses you. The orc hits you with a +0 dagger.
You barely miss the orc. The orc closely misses you.
You claw the orc!
You kill the orc!
No target in view!
Things that are here:
a +0 dagger; 5 boomerangs; a +0 leather armour You now have 78 gold pieces (gained 10).
Things that are here:
a +0 dagger; 5 boomerangs; a +0 leather armour A rat and an orc wizard come into view.
Found a gold piece and a scroll labelled LAINIECHUBUCW.
There are monsters nearby!
There are monsters nearby!
There are monsters nearby!
An orc priest comes into view. It is wielding a +0 whip.
No reachable target in view!
No reachable target in view!
No reachable target in view!
There are monsters nearby!
No reachable target in view!
An orc and 2 orc priests come into view.
The orc priest shouts!
The orc shouts!
The orc priest shouts!
You hear a shout!
An orc comes into view. It is wielding a +0 flail.
The orc priest calls down the wrath of Beogh upon you.
Beogh smites you! The rat misses you.
You barely miss the rat.
The orc priest mumbles some strange prayers to Beogh against you.
Beogh smites you!
The orc priest calls down the wrath of Beogh upon you.
Beogh smites you!
* * * LOW HITPOINT WARNING * * *
The rat bites you but does no damage.
The orc throws a boomerang.
The boomerang hits you.
* * * LOW HITPOINT WARNING * * *
The orc priest invokes the aid of Beogh against you.
Beogh smites you!
You die...

.o.o#..#o.......
#o..o...###. #.#.###.#
##.#.# ..####.
#####..o.####......##
....................###
#####.#r#####.........#
#..#.# #.......... ##..@.#
#.........# #...###
#.........# ##...#
####...)..†..# #####..)###
#.........†<..
#.........###.##.........#
#.............#####......#
#...............†.#.######
#.................#.#
#..........##.##..#.#


You could see an orc priest, an orc and a rat.

Vanquished Creatures
  2 adders
  An orc (D:3)
  6 bats
  4 endoplasms
  2 giant cockroaches (D:1)
  4 goblins
  4 hobgoblins
  4 jackals (D:1)
  3 kobolds
  2 quokkas
  4 ball pythons
  5 frilled lizards
  4 rats
45 creatures vanquished.

Notes
Turn   | Place    | Note
-------+----------+-------------------------------------------
     0 | D:1      | Malachi the Troll Monk began the quest for the Orb.
     0 | D:1      | Reached XP level 1. HP: 22/22 MP: 0/0
   144 | D:1      | Reached XP level 2. HP: 29/29 MP: 1/1
   404 | D:1      | Reached skill level 4 in Unarmed Combat
   511 | D:1      | Reached XP level 3. HP: 36/36 MP: 2/2
  1007 | D:2      | Found Limecies's Assorted Antiques.
  1079 | D:2      | Found an iron altar of Okawaru.
  1697 | D:3      | Found a glowing golden altar of the Shining One.
  1770 | D:3      | Killed from afar by an orc priest

Illustrated notes

Levels and vault maps discovered:
D:1:      sevenhm_arrival_forest_fort_small_6, layout_loops_corners
D:2:      layout_loops_corners, basic_altar, serial_shops,
          nicolae_shop_waterfront, roderic_serpentine_path,
          minmay_misc_feat_square, chequers_serial_rivers_large_b
D:3:      cheibrodos_pilgrimage, layout_rooms, mainiacjoe_overflow_alcove_2,
          nicolae_overflow_crystal_walls, lemuel_zombie_altar_yredelemnul,
          gammafunk_ghost_icy, serial_shops, shop

Skill      XL: |  1  2 |
---------------+-------+-----
Unarmed Combat | 4 |  4.9
Fighting       | |  2.4
Dodging        | |  2.4
Stealth        | |  1.0

Action                   || total
-------------------------++-------
Melee: Unarmed           ||    91
 Stab: Sleeping          ||     9
Armor: Robe              ||    13
Dodge: Dodged            ||    46
